 Dungeon Crawl Stone Soup version 0.23-a0-639-ga9a3373214 (webtiles) character file.

252 HereIgoKillingAgain the Cleaver (level 6, -8/51 HPs)
             Began as a Hill Orc Fighter on Dec 29, 2018.
             Mangled by an iron imp (9 damage)
             ... summoned by Eustachio
             ... on level 4 of the Dungeon.
             The game lasted 00:02:04 (2461 turns).

HereIgoKillingAgain the Cleaver (Hill Orc Fighter)  Turns: 2461, Time: 00:02:05

Health: -8/51      AC:  6    Str: 19    XL:     6   Next: 13%
Magic:  6/6        EV:  7    Int: 10    God:
Gold:   170        SH:  9    Dex: 10    Spells: 5/5 levels left

rFire    . . .     SeeInvis .   a - +1 war axe
rCold    . . .     Gourm    .   c - +0 shield
rNeg     . . .     Faith    .   b - +0 scale mail
rPois    .         Spirit   .   (no helmet)
rElec    .         Reflect  .   j - scarf {cloud immunity}
rCorr    +         Harm     .   (no gloves)
MR       .....                  (no boots)
Stlth    ..........             (no amulet)
HPRegen  0.17/turn              (no ring)
MPRegen  0.10/turn              n - ring of resist corrosion

@: drained
A: no striking features
a: no special abilities


You were on level 4 of the Dungeon.
You were very hungry.

You visited 1 branch of the dungeon, and saw 4 of its levels.

You collected 170 gold pieces.

Inventory:

Hand Weapons
 a - a +1 war axe (weapon)
Armour
 b - a +0 scale mail (worn)
 c - a +0 shield (worn)
 e - a +2 cloak of magic resistance
 j - a scarf of cloud immunity (worn)
Jewellery
 m - a cursed amulet of inaccuracy {unknown}
 n - a ring of resist corrosion (right hand)
Scrolls
 h - a scroll of teleportation {unknown}
 i - a scroll of amnesia
 o - 2 scrolls of remove curse
 p - a scroll of blinking
Potions
 d - 3 potions of might
 g - 2 potions of cancellation
 k - 2 potions of degeneration
 l - 2 potions of heal wounds
 q - a potion of lignification {unknown}
 r - 3 potions of curing {unknown}
Comestibles
 f - 7 rations


   Skills:
 - Level 3.6(3.4) Fighting
 + Level 8.3(8.1) Axes
 - Level 3.2(3.1) Armour
 - Level 3.2(3.1) Shields


You had 5 spell levels left.
You didn't know any spells.
Your spell library was empty.

Dungeon Overview and Level Annotations

Branches:
Dungeon (4/15)
 Temple: D:4-7

Altars:
Elyvilon

Annotations:
D:4 Eustachio


Message History

The quasit claws you but does no damage.
You block the quasit's attack.
You closely miss the iron imp. You slash the quasit!
You kill the quasit!
The iron imp closely misses you.
Unknown command.
You slash the iron imp!
The iron imp is heavily wounded.
The iron imp hits you.
* * * LOW HITPOINT WARNING * * *
The crimson imp hits you but does no damage.
Unknown command.
You hit the iron imp.
The iron imp is severely wounded.
You slash the crimson imp! You slash something! Something hits you.
* * * LOW HITPOINT WARNING * * *
The crimson imp hits you.
* * * LOW HITPOINT WARNING * * *
The iron imp hits you!
You die...

#.....# #.....#
#.....#
#.....##+#########
#.................
#.................
#.....)...........
#....)............
#.....†.5@........
...........5...####+
...............#
...............#
...............#
...............#
#######.......#
#.......# #.......#


You could see an iron imp and a crimson imp.

Vanquished Creatures
  Blork the orc (D:4)
  2 orc priests (D:3)
  An orc wizard (D:3)
  2 adders (D:2)
  An ooze (D:1)
  2 worms
  A leopard gecko (D:2)
  9 orcs
  4 bats
  8 giant cockroaches
  9 goblins
  3 hobgoblins
  2 jackals (D:4)
  2 frilled lizards
  2 jackal skeletons
  10 kobolds
  2 rats (D:2)
61 creatures vanquished.

Notes
Turn   | Place    | Note
-------+----------+-------------------------------------------
     0 | D:1      | HereIgoKillingAgain the Hill Orc Fighter began the quest
                  | for the Orb.
     0 | D:1      | Reached XP level 1. HP: 19/19 MP: 1/1
    26 | D:1      | Reached skill level 3 in Axes
   109 | D:1      | Reached XP level 2. HP: 26/26 MP: 2/2
   115 | D:1      | Reached skill level 4 in Axes
   845 | D:2      | Reached XP level 3. HP: 23/31 MP: 3/3
   996 | D:2      | Reached skill level 5 in Axes
  1112 | D:2      | Found a white marble altar of Elyvilon.
  1362 | D:2      | Reached XP level 4. HP: 16/39 MP: 4/4
  1835 | D:3      | Reached skill level 6 in Axes
  1845 | D:3      | Reached skill level 7 in Axes
  1845 | D:3      | Reached XP level 5. HP: 33/45 MP: 5/5
  2418 | D:4      | Noticed Blork the orc
  2425 | D:4      | Killed Blork the orc
  2425 | D:4      | Reached skill level 8 in Axes
  2425 | D:4      | Reached XP level 6. HP: 38/51 MP: 6/6
  2432 | D:4      | Noticed Eustachio
  2461 | D:4      | HP: 1/51 [crimson imp[Eustachio] (2)]
  2461 | D:4      | Mangled by an iron imp

Vault maps used:
D:1:      lightli_arrival_noodles
D:2:      elyvilon_altar_5, minmay_tetromino_t4
D:3:      nicolae_overflow_hidden_temple, first_ration, minmay_misc_feat_iff
D:4:      grunt_temple_overflow_open, serial_shops, nicolae_shop_statue_plus,
          uniq_grinder, uniq_eustachio, uniq_menkaure, uniq_blork_the_orc

Skill      XL: |  1  2  3  4  5 |
---------------+----------------+-----
Axes           | 3 4 5 7 8 |  8.3
Fighting       | |  3.6
Armour         | |  3.2
Shields        | |  3.2

Action                   |  1- 3 |  4- 6 || total
-------------------------+-------+-------++-------
Melee: War axe           |   115 |    74 ||   189
  Use: Scroll            |       |     8 ||     8
  Eat: Chunk             |     1 |     3 ||     4
Armor: Scale mail        |    63 |    53 ||   116
Dodge: Dodged            |    32 |    47 ||    79
Block: Shield            |    67 |    48 ||   115

Table legend:
 A = Non-vault XP
 B = Vault XP
 C = Vault XP percentage of total XP
 D = Non-vault monster count
 E = Vault monster count
 F = Vault count percentage of total count
                 A         B        C        D         E       F
            +---------+---------+-------+---------+---------+-------
      Total |     250 |     110 |  30.6 |      56 |       5 |   8.2
            +---------+---------+-------+---------+---------+-------
        D:1 |      30 |       0 |   0.0 |      15 |       0 |   0.0
        D:2 |      43 |      19 |  30.6 |      15 |       4 |  21.1
        D:3 |     167 |       0 |   0.0 |      21 |       0 |   0.0
        D:4 |      10 |      91 |  90.1 |       5 |       1 |  16.7
            +---------+---------+-------+---------+---------+-------
